 Dungeon Crawl Stone Soup version 0.29.1-1-gd02db6906a (webtiles) character file.

Game seed: 2414203634926851627

118 LabCoat the Chopper (level 5, -2/46 HPs)
             Began as a Hill Orc Fighter on Sept 18, 2022.
             Killed by nerve-wracking pain
             ... invoked by Jessica
              (11 damage)
             ... on level 3 of the Dungeon.
             The game lasted 00:05:48 (2115 turns).

LabCoat the Chopper (Hill Orc Fighter)              Turns: 2115, Time: 00:05:48

Health: -2/46      AC:  0    Str: 21    XL:     5   Next: 2%
Magic:  5/5        EV: 13    Int:  8    God:
Gold:   133        SH:  5    Dex: 10    Spells: 4/4 levels left

rFire   . . .      SeeInvis .   (weapon currently unavailable)
rCold   . . .      Faith    .   (shield currently unavailable)
rNeg    . . .      Spirit   .   (body armour currently unavailable)
rPois   .          Reflect  +   (helmet currently unavailable)
rElec   .          Harm     .   (cloak currently unavailable)
rCorr   .          Rampage  .   (gloves currently unavailable)
Will    .....                   (boots currently unavailable)
Stlth   +.........              g - amulet of reflection
HPRegen 0.15/turn               (ring currently unavailable)
MPRegen 0.09/turn               (ring currently unavailable)

@: pig-form, very quick
A: fast, no casting, small
a: no special abilities


You were on level 3 of the Dungeon.
You were a filthy swine.
You visited 1 branch of the dungeon, and saw 3 of its levels.

You collected 133 gold pieces.

Inventory:

Hand Weapons
 a - a +0 war axe (melded)
 o - a +4 hammer of holy wrath
Armour
 b - a +0 scale mail (melded)
 c - a +0 buckler (melded)
 h - a +0 cloak (melded)
Jewellery
 g - an amulet of reflection (around neck)
Wands
 f - a wand of light (10)
Scrolls
 n - a scroll of brand weapon
Potions
 d - 2 potions of might
 e - 2 potions of curing
 k - a potion of heal wounds


   Skills:
 + Level 4.1 Fighting
 * Level 4.3 Axes
 + Level 1.2 Throwing
 + Level 3.7 Armour
 + Level 3.7 Shields
 + Level 1.3 Evocations


You had 4 spell levels left.
You didn't know any spells.
Your spell library contained the following spells:

 Spells                   Type           Power      Damage    Failure   Level
 Sublimation of Blood     Necr           0%         N/A       54%         2
 Wereblood                Tmut           0%         N/A       54%         2
 Conjure Flame            Conj/Fire      0%         6-21      78%         3
 Ignite Poison            Fire/Tmut/Pois 0%         N/A       78%         3
 Sticky Flame             Conj/Fire      0%         2d3       99%         4
 Summon Hydra             Summ           0%         N/A       100%        7


Dungeon Overview and Level Annotations

Branches:
Dungeon (3/15)

Altars:

Annotations:
D:3 Ijyb, Jessica


Message History

You kill the dart slug!
You barely miss the orc. The orc hits you but does no damage.
You block the orc's attack. You block Ijyb's attack.
You have reached level 5!
You feel stronger.
You barely miss Ijyb.
Ijyb is heavily wounded.
You hit the orc.
Jessica gestures wildly while chanting.
Jessica blinks!
The orc barely misses you. You block Ijyb's attack.
You hit Ijyb.
Ijyb is severely wounded.
You hit the orc.
You kill the orc!
Ijyb hits you with a +0 dagger.
* * * LOW HITPOINT WARNING * * *
You barely miss Ijyb.
Ijyb is severely wounded.
You block Ijyb's attack. Ijyb closely misses you.
You block the hobgoblin's attack.
You hit Ijyb.
Ijyb is severely wounded.
You barely miss the hobgoblin. The hobgoblin closely misses you.
Ijyb zaps a wand.
You resist with some effort.
You hit Ijyb.
Ijyb is almost dead.
You hit the hobgoblin. The hobgoblin barely misses you.
Ijyb zaps a wand.
You turn into a filthy swine.
Your +0 war axe melds into your body.
Your +0 cloak melds into your body.
Your +0 buckler melds into your body.
Your +0 scale mail melds into your body.
Ijyb screams, "You nasty!
Big nasty!"
Ijyb hits you with a +0 dagger.
* * * LOW HITPOINT WARNING * * *
The hobgoblin hits you.
* * * LOW HITPOINT WARNING * * *
You block Jessica's attack.
Ijyb drinks a potion.
Ijyb is healed!
Jessica casts a spell at you. Pain shoots through your body!
You die...

### #.. #.# ##.# #..#
#.h# #..# #..#
#######@.# #...gg...#
#########[....#$.#
g...........>......#
......###)†...#.....#
......# #.....##.####


You could see Jessica.

Vanquished Creatures
  Crazy Yiuf (D:2)
  Terence (D:2)
  2 adders (D:2)
  A dart slug (D:3)
  3 worms (D:2)
  An orc (D:3)
  2 endoplasms
  A goblin (D:1)
  4 hobgoblins
  6 jackals (D:1)
  5 kobolds
  2 quokkas (D:2)
  A ball python (D:1)
  3 bats (D:1)
  2 frilled lizards
  A rat (D:1)
36 creatures vanquished.

Notes
Turn   | Place    | Note
-------+----------+-------------------------------------------
     0 | D:1      | LabCoat the Hill Orc Fighter began the quest for the Orb.
     0 | D:1      | Reached XP level 1. HP: 19/19 MP: 1/1
   194 | D:1      | Reached XP level 2. HP: 27/27 MP: 2/2
   226 | D:1      | Found a faded altar of an unknown god.
   660 | D:2      | Reached XP level 3. HP: 27/33 MP: 3/3
  1108 | D:2      | Noticed Terence
  1113 | D:2      | Killed Terence
  1114 | D:2      | Reached skill level 1 in Evocations
  1114 | D:2      | Reached XP level 4. HP: 28/40 MP: 4/4
  1122 | D:2      | Reached skill level 1 in Throwing
  1479 | D:2      | Found a runed translucent door.
  1480 | D:2      | Noticed Crazy Yiuf
  1491 | D:2      | Killed Crazy Yiuf
  1972 | D:3      | Noticed Jessica
  1972 | D:3      | Noticed Ijyb
  2102 | D:3      | Reached XP level 5. HP: 15/46 MP: 5/5
  2115 | D:3      | Killed from afar by Jessica

Illustrated notes

Levels and vault maps discovered:
D:1:      roderic_chinese_lattice_arrival, layout_rooms,
          chequers_ecumenical_altar_island
D:2:      layout_loops_corners, uniq_terence, uniq_crazy_yiuf_cottage
D:3:      layout_basic, mainiacjoe_overflow_six_doors_small,
          portal_sewer_entry_d, uniq_jessica, uniq_natasha, uniq_ijyb

Skill      XL: |  1  2  3  4 |
---------------+-------------+-----
Axes           | 3 4 |  4.3
Fighting       | 4 |  4.1
Evocations     | 1 |  1.3
Throwing       | 1 |  1.2
Armour         | |  3.7
Shields        | |  3.7

Action                   |  1- 3 |  4- 6 || total
-------------------------+-------+-------++-------
Melee: War axe           |    60 |    42 ||   102
       Unarmed           |       |     1 ||     1
Throw: Boomerang         |    21 |       ||    21
  Use: Scroll            |     2 |     5 ||     7
       Potion            |       |     2 ||     2
Armor: Scale mail        |    26 |    11 ||    37
Dodge: Dodged            |    31 |    17 ||    48
Block: Buckler           |    20 |    14 ||    34
       Other             |       |     1 ||     1
